[ AOE2 MATCH · #483146790 ]
UnrankedChinese vs Khitans
[ REPLAY ANALYSIS · EXTRACTED FROM THE RECORDED GAME ]
Feudal
20:19
Castle
33:09
Imperial
—
| APM avg | 10.5 |
| APM peak | 37 |
| eAPM avg | 5.5 |
| Villagers / military | 52 / 3 |
Focus
⚔️ 16.2% · 🌾 83.8%
Fishing Ship ×7 · Chu Ko Nu ×3
Feudal
19:18
Castle
23:13
Imperial
34:21
| APM avg | 22.1 |
| APM peak | 54 |
| eAPM avg | 15.4 |
| Villagers / military | 107 / 57 |
Focus
⚔️ 17.9% · 🌾 82.1%
Steppe Lancer ×53 · Trebuchet (Packed) ×3 · Monk ×1
Feudal
16:03
Castle
21:07
Imperial
35:31
| APM avg | 22.5 |
| APM peak | 71 |
| eAPM avg | 13.3 |
| Villagers / military | 135 / 80 |
Focus
⚔️ 20.2% · 🌾 79.8%
Shotel Warrior ×64 · Fishing Ship ×9 · Spearman ×8 · Trebuchet (Packed) ×8
Feudal
17:38
Castle
24:21
Imperial
36:22
| APM avg | 23.7 |
| APM peak | 61 |
| eAPM avg | 11.3 |
| Villagers / military | 104 / 35 |
Focus
⚔️ 15.5% · 🌾 84.5%
Fire Galley ×25 · Fishing Ship ×21 · War Elephant ×9 · Scout Cavalry ×1
Feudal
15:31
Castle
22:32
Imperial
36:07
| APM avg | 31.5 |
| APM peak | 79 |
| eAPM avg | 15.2 |
| Villagers / military | 110 / 56 |
Focus
⚔️ 20.5% · 🌾 79.5%
Fishing Ship ×19 · Cavalry Archer ×17 · Fire Galley ×11 · Unknown (2626) ×10 · Skirmisher ×8 · Spearman ×6
Feudal
15:01
Castle
21:46
Imperial
38:49
| APM avg | 27.8 |
| APM peak | 46 |
| eAPM avg | 16.3 |
| Villagers / military | 61 / 31 |
Focus
⚔️ 23.3% · 🌾 76.7%
Genoese Crossbowman ×21 · Fishing Ship ×17 · Mangonel ×6 · Unknown (2626) ×2 · Demolition Raft ×2 · Fire Galley ×1
Feudal
18:25
Castle
23:42
Imperial
37:06
| APM avg | 21.6 |
| APM peak | 44 |
| eAPM avg | 8.8 |
| Villagers / military | 54 / 45 |
Focus
⚔️ 28.0% · 🌾 72.0%
Fishing Ship ×13 · Cavalry Archer ×11 · Fire Lancer ×9 · Trebuchet (Packed) ×7 · Scout Cavalry ×5 · Fire Galley ×4
Feudal
14:14
Castle
17:46
Imperial
—
| APM avg | 36.8 |
| APM peak | 82 |
| eAPM avg | 22.5 |
| Villagers / military | 132 / 40 |
Focus
⚔️ 22.4% · 🌾 77.6%
Fishing Ship ×29 · Scout Cavalry ×11 · Battle Elephant ×10 · Monk ×9 · Armored Elephant ×7 · Demolition Raft ×2
Match map
Initial resources + every placement click. Lines = walls · curves = elevation contours. ◆ gold · ⬟ stone · ● berries · ✦ relic · ◌ wall gap
Your base· Open — unwalled flank
Shido Khan's base· Open — 5t gap
LArcadia49's base· Open — unwalled flank
Frankie's base· Open — unwalled flank
bLuStEr's base· Open — unwalled flank
thomas shelby's base· Open — 15t gap
Valentina's base· Open — unwalled flank
egipcio | AoE's base· Open — unwalled flank
Smoothed initial terrain · ◌ = detected wall gap · hover for details
Inputs per minute
— Kenzo - - Shido Khan
Build order — Kenzo
102 actions detected in the replay
| 2:44 | Build | Town Center |
| 3:37 | Build | House |
| 3:40 | Build | House |
| 5:00 | Research | Loom |
| 5:58 | Create | Villager (Male) |
| 7:07 | Create | Villager (Male) ×2 |
| 8:01 | Create | Villager (Male) |
| 8:45 | Create | Villager (Male) |
| 9:03 | Create | Villager (Male) |
| 9:03 | Create | Villager (Male) |
| 9:04 | Create | Villager (Male) |
| 9:31 | Build | Dock |
| 9:47 | Build | Mill |
| 9:57 | Create | Villager (Male) ×3 |
| 10:53 | Build | Lumber Camp |
| 10:59 | Create | Villager (Male) ×2 |
| 10:59 | Create | Villager (Male) ×2 |
| 11:46 | Create | Fishing Ship |
| 11:55 | Create | Villager (Male) |
| 12:20 | Create | Villager (Male) |
| 13:07 | Build | House |
| 13:08 | Build | House |
| 13:13 | Create | Villager (Male) |
| 13:20 | Create | Fishing Ship |
| 13:29 | Build | Palisade Wall |
| 13:41 | Create | Villager (Male) ×4 |
| 14:43 | Build | Mining Camp |
| 14:52 | Create | Villager (Male) ×4 |
| 15:10 | Create | Villager (Male) ×2 |
| 16:01 | Create | Villager (Male) ×2 |
| 16:07 | Create | Fishing Ship |
| 16:10 | Create | Fishing Ship |
| 16:11 | Create | Fishing Ship |
| 16:37 | Build | Farm |
| 16:42 | Build | Farm |
| 17:03 | Build | Mining Camp |
| 18:09 | Research | Feudal Age |
| 19:57 | Build | Mining Camp |
| 20:19 | Age | Feudal Age |
| 20:56 | Build | Watch Tower |
| 21:07 | Research | Stone Mining |
| 21:11 | Research | Wheelbarrow |
| 21:17 | Research | Horse Collar |
| 21:20 | Create | Fishing Ship |
| 21:20 | Create | Fishing Ship |
| 21:27 | Research | Double-Bit Axe |
| 21:51 | Build | Watch Tower |
| 22:04 | Build | House |
| 22:05 | Build | House |
| 22:12 | Build | House |
| 22:15 | Build | House |
| 22:58 | Research | Town Watch |
| 22:59 | Create | Villager (Male) ×5 |
| 23:34 | Research | Gold Mining |
| 23:47 | Build | Watch Tower |
| 24:30 | Build | Watch Tower |
| 25:00 | Create | Villager (Male) ×5 |
| 25:10 | Build | Farm |
| 26:15 | Build | Mill |
| 26:33 | Build | Lumber Camp |
| 26:43 | Build | Mining Camp |
| 26:58 | Build | Mining Camp |
| 27:23 | Build | House |
| 27:27 | Build | House |
| 27:29 | Build | House |
| 27:29 | Build | House |
| 27:32 | Build | House |
| 27:32 | Build | House |
| 27:45 | Build | Farm |
| 27:47 | Build | Farm |
| 27:48 | Build | Farm |
| 27:49 | Build | Farm |
| 27:56 | Create | Villager (Male) |
| 27:57 | Create | Villager (Male) |
| 29:17 | Build | Market |
| 29:21 | Build | Blacksmith |
| 29:50 | Build | House |
| 29:51 | Build | House |
| 30:29 | Research | Castle Age |
| 32:31 | Build | Barracks |
| 33:09 | Age | Castle Age |
| 33:21 | Build | Town Center |
| 33:43 | Build | Farm |
| 33:44 | Build | Farm |
| 33:50 | Research | Heavy Plow |
| 34:13 | Research | Bow Saw |
| 34:17 | Research | Stone Shaft Mining |
| 34:21 | Research | Gold Shaft Mining |
| 35:13 | Research | Hand Cart |
| 35:15 | Create | Villager (Male) ×5 |
| 35:43 | Build | Castle |
| 35:56 | Build | Stone Wall |
| 36:06 | Build | Gate |
| 36:40 | Build | Dock |
| 37:18 | Build | Archery Range |
| 37:31 | Create | Villager (Male) ×5 |
| 38:23 | Build | Mining Camp |
| 38:27 | Create | Chu Ko Nu ×3 |
| 39:00 | Research | Padded Archer Armor |
| 39:01 | Research | Fletching |
| 39:34 | Research | Town Patrol |
| 39:42 | Research | Town Patrol |
Build order — Shido Khan
First 150 of 210 actions detected
| 0:48 | Build | Town Center |
| 2:49 | Create | Villager (Male) ×4 |
| 2:49 | Create | Villager (Male) ×4 |
| 2:54 | Build | House |
| 2:54 | Build | House |
| 3:15 | Build | House |
| 3:17 | Build | House |
| 3:42 | Build | Lumber Camp |
| 4:09 | Research | Loom |
| 4:58 | Create | Villager (Male) |
| 4:58 | Create | Villager (Male) |
| 5:24 | Create | Villager (Male) |
| 5:25 | Create | Villager (Male) |
| 5:54 | Create | Villager (Male) |
| 5:55 | Create | Villager (Male) |
| 6:26 | Create | Villager (Male) |
| 6:26 | Create | Villager (Male) |
| 6:50 | Create | Villager (Male) |
| 6:50 | Create | Villager (Male) |
| 7:19 | Create | Villager (Male) |
| 7:19 | Create | Villager (Male) |
| 7:53 | Create | Villager (Male) |
| 7:53 | Create | Villager (Male) |
| 8:10 | Create | Villager (Male) |
| 8:20 | Create | Villager (Male) |
| 8:20 | Create | Villager (Male) |
| 8:51 | Build | Mining Camp |
| 9:02 | Create | Villager (Male) |
| 9:16 | Build | House |
| 9:32 | Create | Villager (Male) |
| 9:53 | Create | Villager (Male) |
| 9:53 | Create | Villager (Male) |
| 10:08 | Create | Villager (Male) |
| 10:52 | Create | Villager (Male) |
| 10:56 | Create | Villager (Male) |
| 11:20 | Create | Villager (Male) |
| 12:05 | Create | Villager (Male) |
| 12:26 | Create | Villager (Male) |
| 12:38 | Create | Villager (Male) |
| 12:47 | Build | Mining Camp |
| 13:18 | Create | Villager (Male) |
| 13:31 | Build | Pasture |
| 13:34 | Create | Villager (Male) |
| 13:48 | Build | Pasture |
| 13:58 | Build | Pasture |
| 14:06 | Build | Pasture |
| 14:07 | Create | Villager (Male) |
| 14:27 | Build | Mill |
| 14:32 | Create | Villager (Male) |
| 14:50 | Build | House |
| 14:59 | Build | House |
| 15:00 | Build | House |
| 15:03 | Create | Villager (Male) |
| 15:42 | Create | Villager (Male) |
| 15:50 | Build | Pasture |
| 16:17 | Create | Villager (Male) |
| 16:21 | Create | Villager (Male) |
| 16:57 | Research | Feudal Age |
| 17:26 | Build | Barracks |
| 18:15 | Build | Pasture |
| 18:24 | Build | Pasture |
| 19:04 | Create | Villager (Male) |
| 19:06 | Create | Villager (Male) |
| 19:18 | Age | Feudal Age |
| 19:21 | Build | Market |
| 19:30 | Build | Blacksmith |
| 19:44 | Create | Villager (Male) |
| 20:26 | Research | Castle Age |
| 20:26 | Research | Castle Age |
| 20:34 | Research | Scale Barding Armor |
| 20:35 | Research | Scale Barding Armor |
| 20:35 | Research | Forging |
| 20:40 | Research | Tech 1014 |
| 20:40 | Research | Tech 1014 |
| 20:40 | Research | Tech 1014 |
| 20:51 | Research | Double-Bit Axe |
| 20:51 | Research | Double-Bit Axe |
| 21:20 | Build | Stable |
| 21:21 | Build | Stable |
| 21:25 | Research | Forging |
| 23:13 | Age | Castle Age |
| 23:15 | Build | Town Center |
| 23:20 | Research | Town Watch |
| 23:27 | Build | Monastery |
| 23:34 | Research | Wheelbarrow |
| 23:40 | Research | Tech 1013 |
| 23:41 | Research | Bow Saw |
| 24:05 | Create | Monk |
| 24:24 | Build | Town Center |
| 24:55 | Create | Villager (Male) ×5 |
| 25:01 | Create | Villager (Male) ×3 |
| 25:31 | Build | Pasture |
| 25:41 | Create | Villager (Male) |
| 25:46 | Create | Villager (Male) ×4 |
| 25:59 | Create | Villager (Male) |
| 26:00 | Create | Villager (Male) |
| 26:06 | Build | Pasture |
| 26:19 | Create | Villager (Male) |
| 26:23 | Build | Lumber Camp |
| 26:27 | Create | Villager (Male) |
| 27:27 | Research | Hand Cart |
| 27:35 | Build | Lumber Camp |
| 27:39 | Create | Villager (Male) |
| 27:39 | Create | Villager (Male) |
| 27:48 | Build | House |
| 27:49 | Build | House |
| 27:50 | Build | House |
| 27:52 | Build | House |
| 27:56 | Build | House |
| 28:00 | Research | Husbandry |
| 28:07 | Build | Archery Range |
| 28:34 | Build | Pasture |
| 28:35 | Build | Pasture |
| 28:39 | Build | Pasture |
| 28:41 | Create | Villager (Male) |
| 28:41 | Create | Villager (Male) |
| 28:47 | Create | Villager (Male) |
| 29:13 | Build | Pasture |
| 29:27 | Create | Villager (Male) |
| 29:31 | Build | Pasture |
| 29:46 | Create | Villager (Male) |
| 29:46 | Create | Villager (Male) |
| 29:48 | Create | Villager (Male) |
| 30:15 | Build | Pasture |
| 30:21 | Create | Villager (Male) |
| 30:22 | Create | Villager (Male) |
| 30:27 | Build | University |
| 30:42 | Create | Villager (Male) |
| 30:43 | Create | Villager (Male) |
| 30:46 | Create | Villager (Male) |
| 30:47 | Create | Villager (Male) |
| 30:52 | Create | Villager (Male) |
| 30:53 | Create | Villager (Male) |
| 31:05 | Research | Imperial Age |
| 31:23 | Research | Chain Barding Armor |
| 31:23 | Research | Iron Casting |
| 31:45 | Build | Pasture |
| 31:55 | Build | Pasture |
| 32:00 | Build | Pasture |
| 32:02 | Create | Villager (Male) |
| 32:02 | Create | Villager (Male) |
| 32:02 | Create | Villager (Male) |
| 32:06 | Create | Villager (Male) |
| 32:06 | Create | Villager (Male) |
| 32:06 | Create | Villager (Male) |
| 32:07 | Create | Villager (Male) |
| 32:15 | Create | Steppe Lancer ×5 |
| 32:15 | Create | Steppe Lancer ×5 |
| 32:23 | Create | Steppe Lancer |
| 32:24 | Create | Steppe Lancer |
Build order — LArcadia49
First 150 of 324 actions detected
| 0:57 | Build | Town Center |
| 2:00 | Build | House |
| 2:02 | Build | House |
| 3:14 | Build | Dock |
| 3:17 | Create | Villager (Male) |
| 3:18 | Create | Villager (Male) |
| 3:18 | Create | Villager (Male) |
| 3:18 | Create | Villager (Male) |
| 3:19 | Create | Villager (Male) |
| 3:22 | Research | Loom |
| 4:50 | Create | Villager (Male) |
| 5:38 | Create | Villager (Male) |
| 5:38 | Create | Villager (Male) |
| 5:39 | Create | Fishing Ship |
| 5:40 | Create | Fishing Ship |
| 6:04 | Create | Fishing Ship |
| 6:26 | Create | Villager (Male) |
| 6:52 | Create | Fishing Ship |
| 6:52 | Create | Fishing Ship |
| 6:58 | Create | Villager (Male) |
| 6:58 | Create | Villager (Male) |
| 7:25 | Build | House |
| 7:27 | Build | House |
| 7:43 | Create | Villager (Male) |
| 7:44 | Create | Villager (Male) |
| 8:04 | Create | Fishing Ship |
| 8:14 | Create | Villager (Male) |
| 8:39 | Create | Villager (Male) |
| 8:39 | Create | Villager (Male) |
| 9:04 | Create | Villager (Male) |
| 9:08 | Create | Fishing Ship |
| 9:09 | Create | Fishing Ship |
| 9:22 | Create | Villager (Male) |
| 9:22 | Create | Villager (Male) |
| 9:29 | Create | Villager (Male) |
| 9:29 | Create | Villager (Male) |
| 9:39 | Build | Mill |
| 9:57 | Create | Villager (Male) |
| 9:57 | Create | Villager (Male) |
| 10:21 | Create | Fishing Ship |
| 10:35 | Create | Villager (Male) |
| 10:40 | Create | Villager (Male) |
| 10:40 | Create | Villager (Male) |
| 10:59 | Create | Villager (Male) |
| 11:05 | Build | Mill |
| 11:49 | Create | Villager (Male) |
| 11:49 | Create | Villager (Male) |
| 12:09 | Create | Villager (Male) |
| 12:09 | Create | Villager (Male) |
| 12:12 | Create | Villager (Male) |
| 12:18 | Build | Mining Camp |
| 12:57 | Build | House |
| 13:11 | Build | Palisade Wall |
| 13:32 | Research | Feudal Age |
| 13:36 | Build | Barracks |
| 14:25 | Build | Mining Camp |
| 14:36 | Build | Palisade Wall |
| 14:41 | Create | Villager (Male) |
| 14:42 | Create | Villager (Male) |
| 15:05 | Build | House |
| 15:07 | Build | House |
| 15:18 | Build | Palisade Wall |
| 15:34 | Build | House |
| 15:35 | Build | House |
| 15:52 | Create | Villager (Male) |
| 15:52 | Create | Villager (Male) |
| 16:03 | Age | Feudal Age |
| 16:39 | Build | Market |
| 16:50 | Create | Villager (Male) |
| 17:16 | Build | Blacksmith |
| 17:19 | Build | Palisade Wall |
| 18:11 | Research | Scale Mail Armor |
| 18:11 | Research | Forging |
| 18:22 | Build | Farm |
| 18:23 | Build | Farm |
| 18:27 | Research | Castle Age |
| 18:43 | Build | Fish Trap |
| 18:49 | Build | Fish Trap |
| 19:03 | Build | Fish Trap |
| 19:19 | Build | Lumber Camp |
| 19:23 | Research | Horse Collar |
| 19:29 | Build | Palisade Wall |
| 19:52 | Build | Palisade Wall |
| 19:59 | Build | Palisade Wall |
| 20:03 | Build | Palisade Gate |
| 20:12 | Research | Wheelbarrow |
| 20:19 | Build | Fish Trap |
| 20:30 | Build | Fish Trap |
| 20:50 | Build | House |
| 20:52 | Build | House |
| 20:55 | Create | Villager (Male) |
| 20:56 | Create | Villager (Male) |
| 21:06 | Research | Double-Bit Axe |
| 21:07 | Age | Castle Age |
| 21:26 | Create | Villager (Male) |
| 21:37 | Build | Town Center |
| 21:55 | Research | Bow Saw |
| 22:06 | Research | Iron Casting |
| 22:06 | Research | Chain Mail Armor |
| 22:20 | Build | House |
| 22:24 | Create | Villager (Male) |
| 22:37 | Research | Squires |
| 22:38 | Create | Spearman |
| 22:43 | Create | Villager (Male) |
| 22:48 | Research | Town Watch |
| 22:54 | Build | House |
| 22:55 | Build | House |
| 23:03 | Build | Stone Wall |
| 23:10 | Create | Villager (Male) |
| 23:10 | Create | Villager (Male) |
| 23:11 | Create | Villager (Male) |
| 23:14 | Build | Lumber Camp |
| 23:37 | Build | Farm |
| 23:37 | Build | Farm |
| 23:37 | Build | Farm |
| 23:37 | Build | Farm |
| 23:43 | Build | Farm |
| 23:44 | Build | Farm |
| 23:45 | Build | Farm |
| 23:46 | Build | Farm |
| 23:53 | Build | Farm |
| 24:06 | Build | Castle |
| 24:26 | Create | Villager (Male) |
| 24:51 | Create | Villager (Male) |
| 24:53 | Research | Hand Cart |
| 25:05 | Create | Spearman |
| 25:05 | Create | Spearman |
| 25:19 | Build | Fish Trap |
| 25:23 | Build | Lumber Camp |
| 25:26 | Create | Villager (Male) |
| 25:29 | Create | Shotel Warrior ×3 |
| 25:29 | Create | Shotel Warrior ×3 |
| 25:39 | Create | Villager (Male) |
| 25:39 | Create | Villager (Male) |
| 25:56 | Create | Shotel Warrior |
| 25:56 | Create | Shotel Warrior |
| 25:59 | Create | Shotel Warrior |
| 25:59 | Create | Shotel Warrior |
| 26:08 | Build | Farm |
| 26:12 | Build | Farm |
| 26:13 | Create | Villager (Male) |
| 26:13 | Create | Villager (Male) |
| 26:27 | Create | Shotel Warrior ×2 |
| 26:32 | Create | Villager (Male) |
| 26:40 | Create | Shotel Warrior |
| 26:42 | Create | Villager (Male) |
| 26:42 | Create | Villager (Male) |
| 26:51 | Create | Villager (Male) |
| 26:52 | Create | Villager (Male) |
| 27:03 | Build | Town Center |
Build order — Frankie
First 150 of 282 actions detected
| 0:55 | Build | Town Center |
| 2:13 | Build | House |
| 2:50 | Build | House |
| 3:11 | Research | Loom |
| 3:11 | Create | Villager (Male) |
| 3:12 | Create | Villager (Male) |
| 3:12 | Create | Villager (Male) |
| 3:12 | Create | Villager (Male) |
| 3:13 | Create | Villager (Male) |
| 3:13 | Create | Villager (Male) |
| 4:34 | Create | Villager (Male) |
| 4:35 | Create | Villager (Male) |
| 4:56 | Build | Dock |
| 5:17 | Create | Villager (Male) |
| 5:41 | Create | Villager (Male) |
| 6:02 | Create | Villager (Male) |
| 6:29 | Create | Villager (Male) |
| 7:14 | Create | Villager (Male) |
| 7:15 | Create | Villager (Male) |
| 7:48 | Create | Villager (Male) |
| 7:49 | Create | Fishing Ship |
| 7:54 | Build | House |
| 8:07 | Create | Villager (Male) |
| 8:08 | Create | Villager (Male) |
| 8:15 | Build | House |
| 8:19 | Build | House |
| 8:39 | Create | Villager (Male) |
| 9:23 | Create | Fishing Ship |
| 9:33 | Create | Villager (Male) |
| 9:33 | Create | Villager (Male) |
| 9:45 | Build | House |
| 9:45 | Build | House |
| 10:27 | Create | Fishing Ship |
| 10:54 | Create | Villager (Male) |
| 10:56 | Create | Villager (Male) |
| 11:02 | Build | Lumber Camp |
| 11:45 | Create | Villager (Male) |
| 11:46 | Create | Fishing Ship |
| 12:05 | Create | Villager (Male) |
| 12:10 | Create | Fishing Ship |
| 12:27 | Create | Villager (Male) |
| 12:44 | Create | Fishing Ship |
| 12:46 | Create | Fishing Ship |
| 13:13 | Build | Dock |
| 13:32 | Create | Villager (Male) |
| 13:33 | Create | Villager (Male) |
| 14:27 | Create | Fishing Ship |
| 14:27 | Create | Fishing Ship |
| 14:27 | Create | Fishing Ship |
| 14:31 | Create | Fishing Ship |
| 14:31 | Create | Fishing Ship |
| 14:31 | Create | Fishing Ship |
| 14:53 | Build | Outpost |
| 15:25 | Create | Fishing Ship |
| 15:26 | Create | Fishing Ship |
| 15:35 | Research | Feudal Age |
| 15:43 | Build | Barracks |
| 15:46 | Build | House |
| 15:47 | Build | House |
| 15:49 | Build | House |
| 15:57 | Build | Outpost |
| 16:05 | Build | Outpost |
| 16:10 | Build | Outpost |
| 16:27 | Create | Fishing Ship |
| 17:19 | Build | Outpost |
| 17:34 | Build | Outpost |
| 17:38 | Age | Feudal Age |
| 17:43 | Research | Tech 906 |
| 17:52 | Build | Dock |
| 18:01 | Build | Blacksmith |
| 18:07 | Build | Stable |
| 18:11 | Research | Town Watch |
| 18:11 | Research | Wheelbarrow |
| 18:13 | Research | Double-Bit Axe |
| 18:21 | Build | Mining Camp |
| 18:23 | Create | Villager (Male) |
| 18:23 | Create | Villager (Male) |
| 18:24 | Create | Villager (Male) |
| 18:24 | Create | Villager (Male) |
| 18:24 | Create | Villager (Male) |
| 18:37 | Build | Outpost |
| 18:48 | Research | Stone Mining |
| 18:49 | Research | Gold Mining |
| 19:32 | Build | Outpost |
| 19:40 | Build | Lumber Camp |
| 20:00 | Build | Outpost |
| 20:17 | Build | Mining Camp |
| 20:50 | Create | Fishing Ship |
| 20:50 | Create | Fishing Ship |
| 21:10 | Build | Dock |
| 21:36 | Build | Fish Trap |
| 21:38 | Create | Fishing Ship |
| 21:55 | Research | Castle Age |
| 22:18 | Build | Fish Trap |
| 22:51 | Build | Stone Wall |
| 22:56 | Build | Fish Trap |
| 23:12 | Build | House |
| 23:13 | Build | House |
| 23:13 | Build | House |
| 23:14 | Build | House |
| 23:14 | Build | House |
| 23:15 | Build | House |
| 23:15 | Build | House |
| 23:22 | Build | House |
| 23:22 | Build | House |
| 23:23 | Build | House |
| 23:24 | Build | House |
| 23:26 | Build | House |
| 23:27 | Build | House |
| 23:27 | Build | House |
| 23:28 | Build | House |
| 24:21 | Age | Castle Age |
| 24:35 | Build | Town Center |
| 24:41 | Build | Town Center |
| 24:45 | Research | Bow Saw |
| 24:48 | Research | Gillnets |
| 24:52 | Research | War Galley (upgrade) |
| 25:04 | Build | Lumber Camp |
| 25:07 | Research | Hand Cart |
| 25:09 | Research | Stone Shaft Mining |
| 25:34 | Research | Husbandry |
| 25:51 | Create | Villager (Male) |
| 25:51 | Create | Villager (Male) |
| 25:52 | Create | Villager (Male) |
| 26:01 | Create | Fishing Ship |
| 26:02 | Create | Fishing Ship |
| 26:13 | Create | Fire Galley ×5 |
| 26:16 | Create | Fire Galley |
| 26:40 | Build | Mill |
| 26:45 | Build | Fish Trap |
| 26:53 | Create | Villager (Male) |
| 26:53 | Create | Villager (Male) |
| 26:55 | Create | Villager (Male) |
| 26:56 | Create | Villager (Male) |
| 26:58 | Create | Villager (Male) |
| 26:59 | Create | Villager (Male) |
| 27:23 | Build | Fish Trap |
| 27:26 | Build | Farm |
| 27:29 | Research | Horse Collar |
| 27:38 | Create | Villager (Male) ×5 |
| 27:45 | Build | Fish Trap |
| 27:48 | Build | Fish Trap |
| 27:52 | Build | Fish Trap |
| 27:55 | Build | Fish Trap |
| 27:59 | Build | Fish Trap |
| 28:06 | Build | Fish Trap |
| 29:24 | Build | Castle |
| 29:37 | Build | Farm |
| 29:43 | Create | Villager (Male) |
| 29:44 | Create | Villager (Male) |
Build order — bLuStEr
First 150 of 254 actions detected
| 1:29 | Build | Town Center |
| 3:15 | Build | House |
| 3:18 | Build | House |
| 3:37 | Create | Villager (Male) |
| 3:37 | Create | Villager (Male) |
| 4:26 | Create | Villager (Male) |
| 4:26 | Create | Villager (Male) |
| 4:26 | Create | Villager (Male) |
| 5:18 | Research | Loom |
| 5:20 | Create | Villager (Male) |
| 5:20 | Create | Villager (Male) |
| 5:43 | Create | Villager (Male) |
| 6:28 | Create | Villager (Male) |
| 6:54 | Create | Villager (Male) |
| 7:45 | Build | House |
| 7:46 | Build | House |
| 7:50 | Create | Villager (Male) |
| 7:50 | Create | Villager (Male) |
| 8:30 | Create | Villager (Male) |
| 9:01 | Create | Villager (Male) |
| 9:01 | Create | Villager (Male) |
| 9:16 | Create | Villager (Male) |
| 9:33 | Build | Dock |
| 9:39 | Create | Villager (Male) |
| 10:05 | Build | Lumber Camp |
| 10:20 | Create | Villager (Male) |
| 10:20 | Create | Villager (Male) |
| 10:34 | Create | Fishing Ship |
| 10:35 | Create | Fishing Ship |
| 10:35 | Create | Fishing Ship |
| 10:43 | Build | House |
| 10:53 | Create | Villager (Male) |
| 11:16 | Build | Lumber Camp |
| 11:21 | Create | Fishing Ship |
| 11:35 | Build | House |
| 11:39 | Create | Villager (Male) |
| 11:39 | Create | Villager (Male) |
| 12:09 | Create | Fishing Ship |
| 12:20 | Build | House |
| 12:22 | Create | Fishing Ship |
| 12:25 | Create | Villager (Male) |
| 12:37 | Create | Villager (Male) |
| 13:01 | Build | House |
| 13:03 | Create | Fishing Ship |
| 13:21 | Research | Feudal Age |
| 13:36 | Build | Mining Camp |
| 13:41 | Create | Fishing Ship |
| 14:00 | Build | Dock |
| 15:03 | Create | Fishing Ship |
| 15:04 | Create | Fishing Ship |
| 15:07 | Create | Fishing Ship |
| 15:07 | Create | Fishing Ship |
| 15:12 | Build | House |
| 15:14 | Build | House |
| 15:17 | Create | Villager (Male) |
| 15:18 | Create | Villager (Male) |
| 15:18 | Create | Villager (Male) |
| 15:31 | Age | Feudal Age |
| 15:32 | Research | Double-Bit Axe |
| 15:37 | Research | Town Watch |
| 15:37 | Create | Villager (Male) |
| 15:38 | Create | Villager (Male) |
| 15:46 | Create | Fire Galley |
| 15:52 | Create | Unit 2626 |
| 16:00 | Create | Villager (Male) |
| 16:33 | Build | House |
| 16:34 | Build | House |
| 16:37 | Create | Fishing Ship |
| 16:37 | Create | Fishing Ship |
| 16:40 | Create | Unit 2626 |
| 16:44 | Create | Villager (Male) |
| 17:00 | Build | Blacksmith |
| 17:06 | Create | Villager (Male) |
| 17:37 | Build | Mill |
| 17:44 | Create | Villager (Male) |
| 17:54 | Create | Fishing Ship |
| 17:59 | Create | Unit 2626 |
| 18:09 | Build | Dock |
| 18:20 | Create | Villager (Male) |
| 18:31 | Build | Market |
| 19:23 | Create | Fishing Ship |
| 19:24 | Create | Fishing Ship |
| 19:26 | Create | Unit 2626 |
| 19:27 | Create | Fishing Ship |
| 19:28 | Create | Fishing Ship |
| 19:52 | Research | Castle Age |
| 20:01 | Build | Barracks |
| 21:07 | Create | Fire Galley |
| 21:09 | Create | Unit 2626 |
| 21:22 | Build | Stable |
| 21:38 | Research | Gold Mining |
| 22:06 | Research | Scale Barding Armor |
| 22:10 | Create | Scout Cavalry ×5 |
| 22:13 | Research | Forging |
| 22:15 | Create | Villager (Male) |
| 22:15 | Create | Villager (Male) |
| 22:16 | Create | Villager (Male) |
| 22:32 | Age | Castle Age |
| 22:39 | Research | War Galley (upgrade) |
| 22:46 | Build | Town Center |
| 22:51 | Create | Spearman |
| 22:51 | Create | Spearman |
| 23:01 | Create | Spearman |
| 23:01 | Create | Spearman |
| 23:16 | Create | Spearman |
| 23:16 | Create | Spearman |
| 23:21 | Create | Villager (Male) |
| 23:42 | Create | Villager (Male) |
| 23:42 | Create | Villager (Male) |
| 23:52 | Research | Bloodlines |
| 23:54 | Create | Villager (Male) |
| 23:54 | Create | Villager (Male) |
| 24:03 | Build | Town Center |
| 24:28 | Create | Villager (Male) |
| 24:28 | Create | Villager (Male) |
| 24:34 | Create | Fire Galley |
| 24:35 | Create | Unit 2626 |
| 24:51 | Create | Villager (Male) |
| 24:51 | Create | Villager (Male) |
| 24:56 | Create | Villager (Male) |
| 24:57 | Create | Villager (Male) |
| 26:20 | Research | Wheelbarrow |
| 26:20 | Create | Villager (Male) |
| 26:22 | Create | Villager (Male) |
| 26:23 | Create | Villager (Male) |
| 26:23 | Create | Villager (Male) |
| 26:41 | Build | Archery Range |
| 26:43 | Build | Archery Range |
| 27:04 | Create | Fire Galley |
| 27:04 | Create | Fire Galley |
| 27:06 | Create | Unit 2626 |
| 27:06 | Create | Unit 2626 |
| 27:07 | Create | Fire Galley |
| 27:08 | Create | Fire Galley |
| 27:11 | Create | Villager (Male) |
| 27:11 | Create | Villager (Male) |
| 27:20 | Build | Farm |
| 27:20 | Build | Farm |
| 27:20 | Build | Farm |
| 27:21 | Build | Farm |
| 27:21 | Build | Farm |
| 27:21 | Build | Farm |
| 27:22 | Build | Farm |
| 27:22 | Build | Farm |
| 27:22 | Build | Farm |
| 27:22 | Build | Farm |
| 27:25 | Create | Villager (Male) |
| 27:25 | Create | Villager (Male) |
| 27:26 | Create | Villager (Male) |
| 27:30 | Create | Villager (Male) |
Build order — thomas shelby
First 150 of 193 actions detected
| 0:33 | Build | Town Center |
| 0:54 | Build | Dock |
| 0:58 | Build | House |
| 2:52 | Create | Villager (Male) |
| 2:52 | Create | Villager (Male) |
| 2:57 | Research | Loom |
| 2:57 | Create | Villager (Male) |
| 3:43 | Create | Villager (Male) |
| 4:12 | Create | Villager (Male) |
| 4:17 | Create | Fishing Ship |
| 4:17 | Create | Fishing Ship |
| 4:34 | Research | Loom |
| 4:48 | Build | House |
| 5:01 | Create | Fishing Ship |
| 5:01 | Create | Fishing Ship |
| 5:13 | Create | Villager (Male) |
| 5:56 | Build | House |
| 5:57 | Create | Villager (Male) |
| 6:04 | Create | Fishing Ship |
| 6:04 | Create | Fishing Ship |
| 6:22 | Build | Palisade Wall |
| 6:33 | Create | Villager (Male) |
| 6:44 | Build | Palisade Wall |
| 7:03 | Create | Villager (Male) |
| 7:06 | Create | Fishing Ship |
| 7:07 | Create | Fishing Ship |
| 7:07 | Create | Fishing Ship |
| 7:52 | Build | House |
| 7:58 | Create | Villager (Male) |
| 8:15 | Create | Villager (Male) |
| 8:18 | Create | Fishing Ship |
| 8:26 | Build | House |
| 8:52 | Create | Villager (Male) |
| 9:04 | Create | Fishing Ship |
| 9:22 | Create | Villager (Male) |
| 9:56 | Create | Villager (Male) |
| 10:08 | Build | Palisade Wall |
| 10:18 | Create | Villager (Male) |
| 10:22 | Create | Fishing Ship |
| 10:40 | Build | Dock |
| 10:52 | Create | Villager (Male) |
| 11:02 | Build | Palisade Wall |
| 11:24 | Create | Villager (Male) |
| 11:30 | Build | Mill |
| 11:52 | Create | Villager (Male) |
| 11:57 | Build | House |
| 12:51 | Research | Feudal Age |
| 13:13 | Create | Fishing Ship |
| 13:17 | Create | Fishing Ship |
| 13:25 | Create | Villager (Male) |
| 13:54 | Build | Palisade Wall |
| 14:26 | Build | Lumber Camp |
| 15:01 | Age | Feudal Age |
| 15:04 | Build | House |
| 15:30 | Build | Palisade Wall |
| 15:35 | Create | Villager (Male) |
| 15:45 | Research | Double-Bit Axe |
| 15:47 | Create | Villager (Male) |
| 15:50 | Create | Unit 2626 |
| 16:04 | Build | Blacksmith |
| 16:16 | Build | Palisade Wall |
| 16:25 | Create | Villager (Male) |
| 16:34 | Build | Palisade Wall |
| 16:54 | Build | Palisade Wall |
| 16:56 | Create | Villager (Male) |
| 17:08 | Build | Palisade Wall |
| 17:23 | Create | Villager (Male) |
| 17:52 | Build | Market |
| 17:55 | Create | Villager (Male) |
| 18:02 | Create | Fire Galley |
| 18:06 | Research | Tech 906 |
| 18:09 | Create | Villager (Male) |
| 18:19 | Build | Outpost |
| 18:48 | Create | Villager (Male) |
| 18:54 | Build | House |
| 19:02 | Build | House |
| 19:06 | Research | Castle Age |
| 19:13 | Build | Mining Camp |
| 19:32 | Build | Palisade Wall |
| 19:34 | Build | Palisade Wall |
| 19:39 | Research | Stone Mining |
| 19:49 | Create | Unit 2626 |
| 19:54 | Create | Fishing Ship |
| 20:09 | Create | Villager (Male) |
| 20:29 | Create | Demolition Raft |
| 20:47 | Create | Demolition Raft |
| 21:01 | Create | Villager (Male) |
| 21:14 | Build | Outpost |
| 21:16 | Create | Villager (Male) |
| 21:32 | Create | Villager (Male) |
| 21:46 | Age | Castle Age |
| 22:27 | Create | Villager (Male) |
| 23:25 | Build | Castle |
| 23:41 | Research | Fletching |
| 23:44 | Create | Villager (Male) |
| 23:52 | Create | Villager (Male) |
| 24:02 | Research | War Galley (upgrade) |
| 24:29 | Create | Genoese Crossbowman |
| 24:30 | Create | Genoese Crossbowman |
| 24:51 | Build | Mining Camp |
| 25:00 | Build | Lumber Camp |
| 25:14 | Create | Genoese Crossbowman |
| 25:15 | Create | Genoese Crossbowman |
| 25:46 | Create | Villager (Male) |
| 26:02 | Build | Siege Workshop |
| 26:06 | Research | Bodkin Arrow |
| 26:28 | Research | Tech 905 |
| 26:40 | Create | Genoese Crossbowman |
| 26:40 | Create | Genoese Crossbowman |
| 26:42 | Create | Villager (Male) |
| 26:48 | Create | Villager (Male) |
| 26:57 | Build | Outpost |
| 27:02 | Create | Villager (Male) |
| 27:17 | Build | Dock |
| 27:31 | Create | Mangonel |
| 27:45 | Research | Bow Saw |
| 28:06 | Build | Outpost |
| 28:13 | Create | Villager (Male) |
| 28:24 | Create | Mangonel |
| 28:42 | Create | Genoese Crossbowman |
| 28:42 | Create | Genoese Crossbowman |
| 29:11 | Build | Palisade Wall |
| 29:28 | Create | Mangonel |
| 29:53 | Build | Castle |
| 30:04 | Create | Villager (Male) |
| 30:05 | Research | Wheelbarrow |
| 30:44 | Create | Genoese Crossbowman |
| 30:44 | Create | Genoese Crossbowman |
| 31:15 | Create | Villager (Male) |
| 31:15 | Create | Villager (Male) |
| 31:25 | Create | Villager (Male) |
| 31:47 | Create | Villager (Male) |
| 31:53 | Build | Mining Camp |
| 32:19 | Build | Farm |
| 32:20 | Build | Farm |
| 32:21 | Build | Farm |
| 32:22 | Build | Farm |
| 32:23 | Build | Farm |
| 32:24 | Build | Farm |
| 32:25 | Create | Villager (Male) |
| 32:46 | Build | Mill |
| 32:58 | Create | Genoese Crossbowman |
| 32:58 | Create | Genoese Crossbowman |
| 33:02 | Create | Villager (Male) |
| 33:03 | Research | Gold Mining |
| 33:17 | Create | Mangonel |
| 33:27 | Create | Villager (Male) |
| 33:38 | Create | Villager (Male) |
| 33:43 | Research | Town Watch |
| 33:48 | Create | Villager (Male) |
Build order — Valentina
First 150 of 159 actions detected
| 2:05 | Build | Town Center |
| 3:20 | Build | Dock |
| 3:51 | Build | House |
| 3:54 | Build | House |
| 4:38 | Create | Villager (Male) |
| 4:38 | Create | Villager (Male) |
| 4:38 | Create | Villager (Male) |
| 4:39 | Create | Villager (Male) |
| 4:39 | Create | Villager (Male) |
| 5:58 | Create | Villager (Male) |
| 6:34 | Create | Villager (Male) |
| 6:56 | Create | Villager (Male) |
| 7:27 | Create | Fishing Ship |
| 7:33 | Create | Villager (Male) |
| 7:41 | Research | Loom |
| 8:21 | Create | Villager (Male) |
| 8:22 | Create | Villager (Male) |
| 9:02 | Create | Fishing Ship |
| 9:02 | Create | Fishing Ship |
| 9:37 | Create | Villager (Male) |
| 9:38 | Create | Villager (Male) |
| 9:43 | Build | House |
| 9:46 | Build | House |
| 10:06 | Create | Villager (Male) |
| 11:01 | Create | Villager (Male) |
| 11:40 | Build | Mill |
| 11:54 | Create | Villager (Male) |
| 11:55 | Create | Villager (Male) |
| 12:28 | Build | Palisade Wall |
| 12:41 | Create | Fishing Ship |
| 12:49 | Create | Villager (Male) |
| 12:49 | Create | Villager (Male) |
| 12:50 | Create | Villager (Male) |
| 12:50 | Create | Villager (Male) |
| 13:07 | Build | House |
| 13:12 | Build | House |
| 13:19 | Build | Dock |
| 13:29 | Build | Mill |
| 14:14 | Create | Villager (Male) |
| 14:21 | Create | Fishing Ship |
| 14:21 | Create | Fishing Ship |
| 14:57 | Create | Villager (Male) |
| 14:57 | Create | Villager (Male) |
| 14:58 | Create | Villager (Male) |
| 15:07 | Build | Barracks |
| 15:39 | Create | Fishing Ship |
| 16:06 | Build | House |
| 16:12 | Build | House |
| 16:15 | Research | Feudal Age |
| 16:51 | Build | House |
| 17:26 | Build | House |
| 18:10 | Create | Fishing Ship |
| 18:10 | Create | Fishing Ship |
| 18:19 | Create | Fishing Ship |
| 18:25 | Age | Feudal Age |
| 18:37 | Build | Stable |
| 18:50 | Create | Villager (Male) |
| 19:02 | Build | Market |
| 19:43 | Build | Blacksmith |
| 19:48 | Create | Scout Cavalry |
| 19:49 | Create | Scout Cavalry |
| 20:12 | Create | Villager (Male) |
| 20:13 | Create | Villager (Male) |
| 20:36 | Research | Forging |
| 20:40 | Research | Castle Age |
| 21:02 | Build | Mining Camp |
| 21:19 | Create | Scout Cavalry |
| 21:29 | Create | Scout Cavalry |
| 21:32 | Research | Scale Mail Armor |
| 22:11 | Research | Bloodlines |
| 22:14 | Research | Scale Barding Armor |
| 22:35 | Build | Mill |
| 23:42 | Build | Archery Range |
| 23:42 | Age | Castle Age |
| 24:09 | Create | Cavalry Archer |
| 24:10 | Create | Cavalry Archer |
| 24:39 | Create | Villager (Male) |
| 24:40 | Create | Villager (Male) |
| 25:30 | Build | Town Center |
| 26:30 | Create | Fire Galley |
| 26:30 | Create | Fire Galley |
| 26:30 | Create | Fire Galley |
| 26:31 | Create | Fire Galley |
| 26:47 | Create | Cavalry Archer |
| 26:48 | Create | Cavalry Archer |
| 26:55 | Create | Battle Elephant |
| 27:12 | Research | Fletching |
| 27:21 | Create | Villager (Male) |
| 27:22 | Create | Villager (Male) |
| 27:22 | Create | Villager (Male) |
| 27:22 | Create | Villager (Male) |
| 27:23 | Create | Villager (Male) |
| 27:28 | Research | Stone Mining |
| 27:52 | Research | Light Cavalry (upgrade) |
| 27:59 | Create | Cavalry Archer |
| 29:46 | Build | Castle |
| 30:06 | Create | Cavalry Archer |
| 30:06 | Create | Cavalry Archer |
| 30:12 | Create | Villager (Male) |
| 30:13 | Create | Villager (Male) |
| 30:16 | Create | Villager (Male) |
| 30:17 | Create | Villager (Male) |
| 30:17 | Create | Villager (Male) |
| 30:20 | Create | Cavalry Archer |
| 30:22 | Research | Padded Archer Armor |
| 30:43 | Build | Dock |
| 31:15 | Create | Fishing Ship |
| 31:15 | Create | Fishing Ship |
| 31:16 | Create | Fishing Ship |
| 31:41 | Create | Cavalry Archer |
| 31:49 | Create | Rattan Archer |
| 31:50 | Create | Rattan Archer |
| 31:50 | Create | Rattan Archer |
| 32:04 | Create | Villager (Male) |
| 32:04 | Create | Villager (Male) |
| 32:53 | Create | Scout Cavalry |
| 33:38 | Build | Monastery |
| 33:56 | Research | Imperial Age |
| 33:57 | Research | Imperial Age |
| 34:05 | Build | House |
| 34:10 | Create | Cavalry Archer |
| 34:18 | Create | Villager (Male) |
| 34:18 | Create | Villager (Male) |
| 34:18 | Create | Villager (Male) |
| 34:30 | Create | Monk |
| 34:34 | Create | Rattan Archer |
| 34:40 | Create | Cavalry Archer |
| 35:23 | Build | Siege Workshop |
| 35:31 | Create | Villager (Male) |
| 35:31 | Create | Villager (Male) |
| 35:31 | Create | Villager (Male) |
| 35:32 | Create | Villager (Male) |
| 35:45 | Create | Knight |
| 35:53 | Create | Fire Lancer |
| 35:55 | Create | Fire Lancer |
| 35:56 | Create | Fire Lancer |
| 36:12 | Create | Villager (Male) |
| 36:27 | Build | House |
| 36:31 | Create | Knight |
| 36:49 | Create | Villager (Male) |
| 36:51 | Create | Villager (Male) |
| 37:02 | Create | Fire Lancer |
| 37:02 | Create | Fire Lancer |
| 37:06 | Age | Imperial Age |
| 37:13 | Create | Trebuchet (Packed) |
| 37:14 | Create | Trebuchet (Packed) |
| 37:34 | Create | Villager (Male) |
| 37:34 | Create | Villager (Male) |
| 37:52 | Build | Castle |
| 38:01 | Create | Mangonel |
Build order — egipcio | AoE
First 150 of 325 actions detected
| 0:48 | Build | Town Center |
| 0:58 | Build | Dock |
| 1:00 | Build | House |
| 1:04 | Build | House |
| 3:04 | Create | Villager (Male) |
| 3:04 | Create | Villager (Male) |
| 3:05 | Create | Villager (Male) |
| 3:05 | Create | Villager (Male) |
| 4:27 | Research | Loom |
| 4:49 | Build | House |
| 4:54 | Create | Villager (Male) |
| 4:55 | Create | Villager (Male) |
| 4:57 | Create | Fishing Ship |
| 5:49 | Create | Villager (Male) |
| 6:13 | Create | Fishing Ship |
| 6:17 | Create | Villager (Male) |
| 6:17 | Create | Villager (Male) |
| 6:37 | Create | Fishing Ship |
| 6:45 | Create | Villager (Male) |
| 7:10 | Create | Villager (Male) |
| 7:11 | Create | Villager (Male) |
| 7:44 | Create | Villager (Male) |
| 7:45 | Create | Villager (Male) |
| 7:47 | Create | Fishing Ship |
| 8:04 | Create | Villager (Male) |
| 8:08 | Create | Villager (Male) |
| 8:35 | Create | Fishing Ship |
| 8:39 | Build | House |
| 8:53 | Create | Villager (Male) |
| 8:53 | Create | Villager (Male) |
| 9:20 | Create | Villager (Male) |
| 9:24 | Create | Fishing Ship |
| 9:26 | Create | Villager (Male) |
| 9:50 | Build | House |
| 10:35 | Create | Villager (Male) |
| 10:36 | Create | Villager (Male) |
| 11:04 | Build | Mill |
| 11:38 | Create | Villager (Male) |
| 11:39 | Create | Villager (Male) |
| 11:41 | Research | Feudal Age |
| 12:12 | Create | Villager (Male) |
| 12:14 | Create | Villager (Male) |
| 12:26 | Build | Mining Camp |
| 14:14 | Age | Feudal Age |
| 14:16 | Build | Market |
| 14:18 | Build | Blacksmith |
| 15:06 | Research | Castle Age |
| 15:16 | Build | Mining Camp |
| 17:23 | Create | Villager (Male) |
| 17:24 | Create | Villager (Male) |
| 17:24 | Create | Villager (Male) |
| 17:42 | Build | House |
| 17:46 | Research | Wheelbarrow |
| 17:46 | Age | Castle Age |
| 17:56 | Create | Villager (Male) |
| 17:57 | Create | Villager (Male) |
| 18:18 | Build | Castle |
| 18:46 | Create | Villager (Male) |
| 18:50 | Build | House |
| 18:51 | Build | House |
| 19:04 | Research | Tech 906 |
| 19:24 | Build | Town Center |
| 19:25 | Create | Villager (Male) |
| 19:27 | Create | Villager (Male) |
| 19:29 | Research | Hand Cart |
| 19:38 | Build | House |
| 19:40 | Build | House |
| 19:41 | Build | House |
| 19:43 | Build | House |
| 19:52 | Create | Villager (Male) |
| 19:56 | Create | Villager (Male) |
| 20:10 | Build | Lumber Camp |
| 20:18 | Create | Villager (Male) |
| 20:38 | Build | Dock |
| 20:40 | Build | House |
| 20:41 | Build | House |
| 20:47 | Create | Villager (Male) |
| 20:49 | Create | Villager (Male) |
| 21:07 | Research | Double-Bit Axe |
| 21:08 | Research | Double-Bit Axe |
| 21:13 | Create | Villager (Male) |
| 21:13 | Create | Villager (Male) |
| 21:13 | Create | Villager (Male) |
| 21:14 | Create | Villager (Male) |
| 21:16 | Create | Villager (Male) |
| 21:18 | Create | Demolition Raft |
| 21:28 | Create | Villager (Male) |
| 21:28 | Create | Villager (Male) |
| 21:28 | Create | Villager (Male) |
| 21:30 | Create | Villager (Male) |
| 21:31 | Create | Villager (Male) |
| 21:40 | Build | House |
| 21:41 | Build | House |
| 21:42 | Build | House |
| 21:44 | Create | Villager (Male) |
| 21:56 | Build | Stone Wall |
| 21:59 | Create | Villager (Male) |
| 22:04 | Create | Villager (Male) |
| 22:20 | Create | Villager (Male) |
| 22:28 | Build | Town Center |
| 22:30 | Create | Villager (Male) |
| 22:31 | Create | Villager (Male) |
| 22:33 | Create | Villager (Male) |
| 22:34 | Create | Villager (Male) |
| 22:40 | Build | Stone Wall |
| 22:46 | Create | Villager (Male) |
| 22:47 | Create | Villager (Male) |
| 22:54 | Create | Villager (Male) |
| 22:57 | Research | Horse Collar |
| 23:10 | Create | Villager (Male) |
| 23:12 | Create | Villager (Male) |
| 23:13 | Create | Demolition Raft |
| 23:15 | Research | Gillnets |
| 23:32 | Build | House |
| 23:33 | Build | House |
| 23:35 | Build | House |
| 23:35 | Create | Villager (Male) |
| 24:00 | Create | Fishing Ship |
| 24:01 | Create | Fishing Ship |
| 24:38 | Create | Fishing Ship |
| 24:40 | Create | Fishing Ship |
| 24:41 | Create | Fishing Ship |
| 24:41 | Create | Fishing Ship |
| 24:42 | Create | Fishing Ship |
| 24:46 | Build | Dock |
| 24:53 | Create | Villager (Male) |
| 24:54 | Create | Fishing Ship |
| 24:59 | Create | Villager (Male) |
| 25:01 | Create | Villager (Male) |
| 25:05 | Build | Lumber Camp |
| 25:08 | Build | Lumber Camp |
| 25:14 | Create | Fishing Ship |
| 25:14 | Create | Fishing Ship |
| 25:25 | Build | House |
| 25:39 | Build | Stone Wall |
| 25:42 | Create | Villager (Male) |
| 25:43 | Create | Villager (Male) |
| 26:04 | Research | Town Watch |
| 26:24 | Create | Villager (Male) |
| 26:24 | Create | Villager (Male) |
| 26:25 | Create | Villager (Male) |
| 26:25 | Create | Villager (Male) |
| 26:42 | Research | Horse Collar |
| 26:45 | Build | Farm |
| 26:45 | Build | Farm |
| 26:45 | Build | Farm |
| 26:46 | Build | Farm |
| 26:46 | Build | Farm |
| 26:46 | Build | Farm |
| 26:46 | Build | Farm |
Match timeline
| 0:54 | thomas shelby · first_building Dock |
| 0:58 | egipcio | AoE · first_building Dock |
| 3:14 | LArcadia49 · first_building Dock |
| 3:20 | Valentina · first_building Dock |
| 4:56 | Frankie · first_building Dock |
| 6:22 | thomas shelby · wall_segment Palisade Wall x6 |
| 6:44 | thomas shelby · wall_segment Palisade Wall x3 |
| 9:31 | Kenzo · first_building Dock |
| 9:33 | bLuStEr · first_building Dock |
| 10:08 | thomas shelby · wall_segment Palisade Wall x9 |
| 11:02 | thomas shelby · wall_segment Palisade Wall x4 |
| 12:28 | Valentina · wall_segment Palisade Wall x4 |
| 13:11 | LArcadia49 · wall_segment Palisade Wall x9 |
| 13:29 | Kenzo · wall_segment Palisade Wall x5 |
| 13:36 | LArcadia49 · first_building Barracks |
| 13:54 | thomas shelby · wall_segment Palisade Wall x10 |
| 14:14 | egipcio | AoE · age_up feudal |
| 14:36 | LArcadia49 · wall_segment Palisade Wall x10 |
| 15:01 | thomas shelby · age_up feudal |
| 15:05 | egipcio | AoE · first_market_sell 100 food |
| 15:07 | Valentina · first_building Barracks |
| 15:18 | LArcadia49 · wall_segment Palisade Wall x7 |
| 15:30 | thomas shelby · wall_segment Palisade Wall x1 |
| 15:31 | bLuStEr · age_up feudal |
| 15:43 | Frankie · first_building Barracks |
| 16:03 | LArcadia49 · age_up feudal |
| 16:16 | thomas shelby · wall_segment Palisade Wall x1 |
| 16:34 | thomas shelby · wall_segment Palisade Wall x1 |
| 16:54 | thomas shelby · wall_segment Palisade Wall x1 |
| 17:08 | thomas shelby · wall_segment Palisade Wall x1 |
| 17:19 | LArcadia49 · wall_segment Palisade Wall x7 |
| 17:26 | Shido Khan · first_building Barracks |
| 17:38 | Frankie · age_up feudal |
| 17:46 | egipcio | AoE · age_up castle |
| 18:07 | Frankie · first_building Stable |
| 18:18 | egipcio | AoE · first_building Castle |
| 18:25 | Valentina · age_up feudal |
| 18:37 | Valentina · first_building Stable |
| 19:15 | LArcadia49 · first_market_buy 100 wood |
| 19:18 | Shido Khan · age_up feudal |
| 19:29 | LArcadia49 · wall_segment Palisade Wall x8 |
| 19:32 | thomas shelby · wall_segment Palisade Wall x5 |
| 19:34 | thomas shelby · wall_segment Palisade Wall x5 |
| 19:52 | LArcadia49 · wall_segment Palisade Wall x5 |
| 19:59 | LArcadia49 · wall_segment Palisade Wall x6 |
| 20:01 | bLuStEr · first_building Barracks |
| 20:19 | Kenzo · age_up feudal |
| 20:32 | egipcio | AoE · first_market_buy 100 wood |
| 21:07 | LArcadia49 · age_up castle |
| 21:20 | Shido Khan · first_building Stable |
| 21:22 | bLuStEr · first_building Stable |
| 21:46 | thomas shelby · age_up castle |
| 21:56 | egipcio | AoE · wall_segment Stone Wall x12 |
| 22:32 | bLuStEr · age_up castle |
| 22:40 | egipcio | AoE · wall_segment Stone Wall x5 |
| 22:51 | Frankie · wall_segment Stone Wall x10 |
| 23:03 | LArcadia49 · wall_segment Stone Wall x1 |
| 23:13 | Shido Khan · age_up castle |
| 23:25 | thomas shelby · first_building Castle |
| 23:27 | Shido Khan · first_building Monastery |
| 23:42 | Valentina · first_building Archery Range |
| 23:42 | Valentina · age_up castle |
| 24:06 | LArcadia49 · first_building Castle |
| 24:21 | Frankie · age_up castle |
| 25:39 | egipcio | AoE · wall_segment Stone Wall x7 |
| 26:02 | thomas shelby · first_building Siege Workshop |
| 26:24 | LArcadia49 · first_market_sell 100 wood |
| 26:41 | bLuStEr · first_building Archery Range |
| 27:01 | egipcio | AoE · first_building Siege Workshop |
| 28:07 | Shido Khan · first_building Archery Range |
| 29:11 | thomas shelby · wall_segment Palisade Wall x1 |
| 29:24 | Frankie · first_building Castle |
| 29:38 | Valentina · first_market_buy 100 stone |
| 29:46 | Valentina · first_building Castle |
| 31:00 | bLuStEr · first_building Castle |
| 31:15 | egipcio | AoE · first_building Monastery |
| 31:18 | LArcadia49 · first_building Siege Workshop |
| 32:12 | egipcio | AoE · first_building Barracks |
| 32:31 | Kenzo · first_building Barracks |
| 32:55 | Shido Khan · first_building Castle |
| 33:09 | Kenzo · age_up castle |
| 33:16 | LArcadia49 · wall_segment Stone Wall x1 |
| 33:18 | LArcadia49 · wall_segment Stone Wall x7 |
| 33:21 | LArcadia49 · wall_segment Stone Wall x6 |
| 33:33 | egipcio | AoE · first_building Stable |
| 33:33 | LArcadia49 · wall_segment Stone Wall x8 |
| 33:38 | Valentina · first_building Monastery |
| 34:21 | Shido Khan · age_up imperial |
| 34:41 | LArcadia49 · first_building Archery Range |
| 35:12 | Shido Khan · first_market_sell 100 wood |
| 35:23 | Valentina · first_building Siege Workshop |
| 35:31 | LArcadia49 · age_up imperial |
| 35:32 | LArcadia49 · wall_segment Stone Wall x6 |
| 35:37 | LArcadia49 · wall_segment Stone Wall x18 |
| 35:41 | LArcadia49 · wall_segment Stone Wall x8 |
| 35:43 | Kenzo · first_building Castle |
| 35:56 | Kenzo · wall_segment Stone Wall x1 |
| 36:07 | bLuStEr · age_up imperial |
| 36:22 | Frankie · age_up imperial |
| 37:06 | Valentina · age_up imperial |
| 37:18 | Kenzo · first_building Archery Range |
| 37:57 | egipcio | AoE · resign |
| 38:49 | thomas shelby · age_up imperial |
| 39:49 | bLuStEr · first_market_buy 100 stone |
[ AI ANALYSIS · 1 CREDIT ]
What really happened in this match?
Wolo.gg analyzes every decision: build order, eco, micro, common mistakes by bracket. Personalized analysis on WhatsApp or Discord in 30 seconds.
Civ guide
Chinese
Perfil
Jugador #1968433